AoeStats
← OK,OK

Nomad

508815612Analyzed
2v2 RM · 7d ago on Sep 24, 2026· 57m 53s· 4 players
Game mode
Random Map
Map size
176×176
Population
200
Speed
Normal
Resources
Standard
Victory
Conquest
Starting age
Dark Age
Ending age
Imperial Age
RankedLock teamsTeams togetherTeam positionsShared explorationLock speedFull tech treeHidden civsTurbo modeCheats
Victory
Defeat
🇦🇺 Saxons · Australia
929
+14
🇦🇷 Chinese · Argentina
914
+15
🇨🇳 Franks · China
920
-16
🇨🇳 Celts · China
859
-13
3129902668
6:38 Loom
18:18 Feudal Age
18:58 Double-Bit Axe
23:36 Castle Age
21:44 Gold Mining
21:46 Stone Mining
27:39 Gold Shaft Mining
27:16 Bow Saw
34:52 Imperial Age
33:28 Husbandry
34:59 Scale Barding Armor
34:55 Cavalier
36:01 Chain Barding Armor
39:15 Plate Barding Armor
39:44 Wheelbarrow
40:49 Conscription
41:46 Forging
41:38 Scale Mail Armor
43:42 Chain Mail Armor
45:36 Iron Casting
55:28 Plate Mail Armor
56:00 Blast Furnace
OK,OK
4:58 Loom
14:12 Feudal Age
14:52 Double-Bit Axe
14:31 Man-at-Arms
19:39 Forging
20:29 Horse Collar
26:41 Castle Age
26:28 Fishing Lines
27:48 Bow Saw
28:42 Heavy Plow
29:40 Gillnets
31:39 Wheelbarrow
32:26 Arson
36:41 Iron Casting
36:29 Town Watch
39:49 Imperial Age
38:38 Scale Mail Armor
39:14 Iron Casting
40:18 Chain Mail Armor
41:25 Capped Ram
42:50 Hoardings
43:04 Conscription
42:22 Elite Skirmisher
43:24 Hand Cart
45:36 Pikeman
45:56 Elite Woad Raider
48:01 Furor Celtica
50:27 Plate Mail Armor
49:42 Pikeman
53:25 Blast Furnace
52:26 Siege Ram
53:20 Stronghold
53:54 Fletching
55:17 Onager
Angusjack
10:27 Loom
16:25 Feudal Age
20:14 Fletching
23:53 Castle Age
22:21 Padded Archer Armor
23:34 Double-Bit Axe
23:56 Crossbowman
24:34 Bodkin Arrow
29:37 Gambesons
29:54 Squires
30:54 Scale Mail Armor
31:54 Forging
32:15 Horse Collar
32:23 Town Watch
33:52 Heavy Plow
34:19 Fishing Lines
38:58 Imperial Age
38:07 Wheelbarrow
39:03 Thumb Ring
39:13 Arbalester
40:42 Bracer
40:44 Pikeman
41:59 Gold Mining
41:59 Stone Mining
42:28 Bow Saw
41:55 Capped Ram
44:01 Chemistry
43:22 Ballistics
43:25 Conscription
43:46 Leather Archer Armor
44:07 Iron Casting
44:06 Hand Cart
44:06 Arson
43:42 Halberdier
44:53 Shield Wall
46:18 Chain Mail Armor
46:01 Siege Ram
46:19 Elite Varangian Guard
51:33 Chain Mail Armor
51:48 Ring Archer Armor
53:07 Town Patrol
53:40 Plate Mail Armor
58:20 Scale Barding Armor
58:56 Gold Shaft Mining
Garrote de Dios
3:22 Loom
13:47 Feudal Age
14:33 Town Watch
16:21 Wheelbarrow
16:22 Man-at-Arms
26:39 Double-Bit Axe
33:38 Castle Age
33:25 Gold Mining
33:26 Stone Mining
33:24 Horse Collar
34:18 Forging
33:58 Fletching
34:16 Scale Barding Armor
34:14 Padded Archer Armor
39:15 Bloodlines
39:05 Husbandry
39:42 Hand Cart
45:17 Iron Casting
47:39 Gold Shaft Mining
47:39 Stone Shaft Mining
48:21 Chain Barding Armor
52:55 Imperial Age
51:26 Heavy Plow
51:31 Light Cavalry
52:43 Town Patrol
53:35 Masonry
53:24 Murder Holes
53:14 Cavalier
55:32 Plate Barding Armor
55:59 Blast Furnace
56:28 Conscription
56:22 Bodkin Arrow
Connection lost

Rejoining the realm…

Still unreachable

The connection could not be restored.

Session expired

The server has moved on; the page needs a fresh start.